 Dungeon Crawl Stone Soup version 0.31-a0-672-g7da72447bb (webtiles) character file.

Game seed: 4691269044552977803

51293 jlumianski the Basher (level 14, -3/110 (111) HPs)
             Began as a Demonspawn Fighter on Sept 4, 2023.
             Was an Elder of Qazlal.
             Slain by Rupert
             ... wielding a +1 heavy executioner's axe
              (21 damage)
             ... on level 15 of the Dungeon.
             The game lasted 01:03:33 (12642 turns).

jlumianski the Basher (Demonspawn Fighter)         Turns: 12642, Time: 01:03:33

HP:   -3/110 (111)  AC: 26    Str: 21    XL:     14   Next: 22%
MP:   0/22          EV: 10    Int: 11    God:    Qazlal [****..]
Gold: 452           SH: 12    Dex: 12    Spells: 13/13 levels left

rFire   + . .        n - +9 mace of Debt {spect, rCorr}
rCold   + . .        O - +1 buckler {rF+}
rNeg    . . .        Q - +0 plate armour {rC+}
rPois   .            f - +1 helmet
rElec   .            V - +0 cloak
rCorr   +            (gloves unavailable)
SInv    .            I - +3 pair of seven-league boots {Rampage+∞}
Will    +....        m - amulet of guardian spirit Stlth
                     B - +4 ring of protection
HPRegen 2.38/turn    J - ring of wizardry
MPRegen 0.18/turn

%: repel missiles, guardian spirit, rampage+∞, wizardry (x1)
@: lightly drained
A: claws 3, repulsion field 2, demonic guardian 1, powered by death 1,
bedeviling
a: Renounce Religion, Upheaval, Elemental Force


You were on level 15 of the Dungeon.
You worshipped Qazlal.
Qazlal was greatly pleased with you.
You visited 3 branches of the dungeon, and saw 17 of its levels.
You also visited: Ossuary.

You collected 892 gold pieces.
You spent 440 gold pieces at shops.

Inventory:

Hand Weapons
 n - the +9 mace of Debt (weapon) {spect, rCorr}
   (You found it on level 2 of the Dungeon)

   rCorr:     It protects you from acid and corrosion.
 E - a +3 war axe
Missiles
 x - 10 boomerangs (quivered)
 z - 5 curare-tipped darts
 G - 6 silver javelins
 H - 4 atropa-tipped darts
 S - 10 poisoned darts
Armour
 a - the +0 leather armour of Hyangid {*Corrode Fly rN+ Dex+3}
   (You found it on level 11 of the Dungeon)

   Dex+3:     It affects your dexterity (+3).
   rN+:       It protects you from negative energy.
   Fly:       It grants you flight.
   *Corrode:  It may corrode you when you take damage.
 f - a +1 helmet (worn)
 I - the +3 pair of seven-league boots (worn) {Rampage+∞}
   (You bought it in a shop on level 1 of the Dungeon)

   Rampage+∞: When moving toward enemies, its wearer moves as far as possible,
   alerting their target en route.
 O - a +1 buckler of fire resistance (worn)
 Q - a +0 plate armour of cold resistance (worn)
 V - a +0 cloak (worn)
Jewellery
 l - a ring of wizardry
 m - an amulet of guardian spirit (around neck)
 B - a +4 ring of protection (left claw)
 J - a ring of wizardry (right claw)
Talismans
 w - a maw talisman
Wands
 p - a wand of flame (37)
 D - a wand of acid (7)
 F - a wand of paralysis (13)
 M - a wand of roots (7)
 X - a wand of mindburst (5)
Scrolls
 b - a scroll of revelation
 c - a scroll of vulnerability
 e - a scroll of fear
 g - 5 scrolls of amnesia
 o - 2 scrolls of poison
 q - a scroll of torment
 s - 2 scrolls of fog
 t - 2 scrolls of teleportation
 v - 2 scrolls of noise
 A - a scroll of immolation
 N - a scroll of brand weapon
Potions
 d - 5 potions of might
 h - 2 potions of invisibility
 j - 3 potions of enlightenment
 k - 4 potions of haste
 r - a potion of heal wounds
 u - 3 potions of magic
 C - a potion of attraction {unknown}
 T - 3 potions of lignification
Miscellaneous
 y - a lightning rod (4/4)


   Skills:
 * Level 10.6 Fighting
 - Level 2.3(9.3) Axes
 - Level 13.8(14.0) Maces & Flails
 + Level 1.0 Throwing
 + Level 9.0 Armour
 - Level 1.5 Dodging
 + Level 7.4 Shields
 * Level 11.5 Invocations
 * Level 4.0 Evocations


You had 13 spell levels left.
You didn't know any spells.
Your spell library contained the following spells:

 Spells                   Type           Power      Damage    Failure   Level
 Apportation              Tloc           0%         N/A       93%         1
 Summon Small Mammal      Summ           0%         N/A       93%         1
 Dazzling Flash           Conj/Hex       0%         N/A       100%        3
 Volatile Blastmotes      Fire/Tloc      0%         2d10      100%        3
 Alistair's Intoxication  Tmut/Pois      0%         N/A       100%        5
 Simulacrum               Ice/Necr       0%         N/A       100%        6
 Starburst                Conj/Fire      0%         6d3       100%        6
 Maxwell's Capacitive Co  Air            0%         ∞         100%        8
 Summon Horrible Things   Summ           0%         N/A       100%        8


Dungeon Overview and Level Annotations

Branches:
Dungeon (15/15)            Temple (1/1) D:5            Lair (1/5) D:10
    Orc (0/2) D:10        Ossuary (visited)
 Vaults: D:13-14     Depths: D:15

Altars:
Ashenzari
Cheibriados
Dithmenos
Fedhas
Gozag
Hepliaklqana
Kikubaaqudgha
Makhleb
Nemelex Xobeh
Okawaru
Qazlal
Ru
Sif Muna
Trog
Uskayaw
Vehumet
Wu Jian
Xom
Yredelemnul
Lugonu

Shops:
D:1 [

Annotations:
D:14 Roxanne
D:15 Rupert


Innate Abilities, Weirdness & Mutations

You have claws for hands.
You are surrounded by a moderate repulsion field. (EV +3)
A weak demonic guardian rushes to your aid.
You regenerate a little health from kills.
Your hexes are more powerful.


Message History

Your +9 mace of Debt {spect, rCorr} hits the orc sorcerer.
Rupert hits you with a +1 heavy executioner's axe!!!
A demonic guardian appears!
The orc sorcerer points at you and mumbles some strange words.
The bolt of negative energy hits you!
You feel drained.
The bolt of negative energy hits your white imp.
Your white imp completely resists.
The orc knight hits your white imp with a +0 war axe!
Your white imp dies!
Your white imp disappears in a puff of smoke!
The ice devil barely misses your +9 mace of Debt {spect, rCorr}.
You block the centaur's attack. x2
Your +9 mace of Debt {spect, rCorr} disappears.
The orc warrior throws a boomerang.
You block the boomerang.
The orc knight roars a battlecry!
The orcs go into a battle-frenzy!
You block Rupert's attack.
You see here a +0 club.
Unknown command.
You hit the centaur.
You kill the centaur!
Qazlal accepts your kill.
The ice devil hits you but does no damage.
The orc knight completely misses you.
The centaur unwields a +0 shortbow.
You block the centaur's attack. x2
Unknown command.
You hear a shout!
Rupert is engulfed in blazing flames.
The centaur warrior is engulfed in freezing vapours.
The orc knight hits you with a +0 war axe!
Rupert hits you with a +1 heavy executioner's axe!!
* * * LOW HITPOINT WARNING * * *
There is a stone staircase leading up, spattered with blood here.
You see here a +0 orcbow.
The centaur is engulfed in freezing vapours.
The orc knight hits you with a +0 war axe!
* * * LOW HITPOINT WARNING * * *
Rupert hits you with a +1 heavy executioner's axe!!
You die...
Rupert roars with triumph.

###...........#
...........†..#
...........).#
#.....?.))..##
#.............
#..☼.c°.......
#.§Woc4.......
#..○@@○o...#
#.<^.°o....#
#......^...#
#......=...#
#..........#
#.......$..#
############


You could see Rupert (berserk), an orc knight, a centaur warrior, an ice devil
(summoned), a freezing wraith, an orc sorcerer (strong), an orc warrior (strong)
and a centaur.

Vanquished Creatures
  A death knight (D:12)
  A centaur warrior (D:13)
  2 tengu warriors
  6 two-headed ogres
  Nergalle (D:12)
  2 skeletal warriors (D:13)
  A wizard (D:10)
  A deep elf pyromancer (D:13)
  3 cyclopes
  A manticore (D:10)
  An ugly thing (D:13)
  3 cane toads
  A freezing wraith (D:13)
  A yaktaur (D:9)
  A komodo dragon (D:11)
  3 trolls
  A hornet (D:9)
  19 slime creatures
  2 shadows
  Eustachio (D:4)
  A vampire (D:13)
  2 wraiths
  51 yaks
  A basilisk (D:12)
  Grum (D:8)
  3 vampire mosquitoes (D:13)
  4 acid dragons
  A water moccasin (D:9)
  An ice beast (D:5)
  7 orc warriors
  3 black bears
  3 ogres (D:10)
  4 sky beasts
  6 centaurs
  2 wolves (D:8)
  An elf zombie (Ossuary)
  3 bullfrogs
  3 kobold brigands (D:10)
  5 gnoll sergeants (D:10)
  4 scorpions
  4 wights (D:7)
  14 killer bees
  7 howler monkeys
  A centaur zombie (Ossuary)
  3 human zombies (Ossuary)
  7 orc priests
  A hound (D:6)
  5 jellies
  3 sleepcaps
  A gnoll bouda (D:5)
  2 iguanas
  5 orc wizards
  2 mummies (Ossuary)
  7 adders
  17 gnolls
  2 white imps
  An ufetubus (D:5)
  2 adder zombies (Ossuary)
  3 worms
  29 orcs
  8 ball pythons
  5 bats
  7 endoplasms
  5 giant cockroaches
  4 goblins
  4 hobgoblins
  11 kobolds
  6 quokkas
  A frilled lizard (D:1)
  A goblin zombie (Ossuary)
  12 hobgoblin zombies (Ossuary)
  2 jackal zombies (Ossuary)
  8 kobold zombies (Ossuary)
  7 orc zombies (Ossuary)
  5 rats
  A spectral weapon (D:9)
361 creatures vanquished.

Vanquished Creatures (collateral kills)
  A hydra (D:13)
  A wraith (D:13)
  2 yaks
  A jelly (D:5)
  A white imp (D:6)
  An endoplasm (D:5)
7 creatures vanquished.

Vanquished Creatures (others)
  3 spectral weapons
3 creatures vanquished.

Grand Total: 371 creatures vanquished

Notes
Turn   | Place    | Note
-------+----------+-------------------------------------------
     0 | D:1      | jlumianski the Demonspawn Fighter began the quest for the
                  | Orb.
     0 | D:1      | Reached XP level 1. HP: 18/18 MP: 1/1
     0 | D:1      | Upgraded the game from 0.31-a0-667-g39726597b9 to
                  | 0.31-a0-672-g7da72447bb
   304 | D:1      | Gained mutation: You have sharp fingernails. [demonic
                  | ancestry]
   304 | D:1      | Reached XP level 2. HP: 23/24 MP: 2/2
   355 | D:1      | Got the Incunabulum of Familiar Refrigeration
   518 | D:1      | Found Replaifa's Armour Boutique.
   906 | D:2      | Reached XP level 3. HP: 29/29 MP: 3/3
   943 | D:2      | Identified the +9 mace of Debt {spect, rCorr}
  1017 | D:2      | Found a faded altar of an unknown god.
  1487 | D:4      | Gained mutation: You are surrounded by a mild repulsion
                  | field. (EV +2) [demonic ancestry]
  1487 | D:4      | Reached XP level 4. HP: 35/35 MP: 4/4
  1494 | D:5      | Entered Level 5 of the Dungeon
  1541 | D:4      | Reached skill level 1 in Maces & Flails
  1638 | D:4      | Found a sand-covered staircase.
  1669 | Ossuary  | Entered an ossuary
  1806 | Ossuary  | Reached skill level 2 in Maces & Flails
  1840 | Ossuary  | Reached XP level 5. HP: 33/41 MP: 5/5
  1994 | Ossuary  | Reached skill level 3 in Maces & Flails
  2003 | Ossuary  | Reached skill level 1 in Dodging
  2003 | Ossuary  | Gained mutation: A weak demonic guardian rushes to your
                  | aid. [demonic ancestry]
  2003 | Ossuary  | Reached XP level 6. HP: 25/47 MP: 6/6
  2009 | Ossuary  | Reached skill level 4 in Maces & Flails
  2331 | D:3      | Found a burning altar of Makhleb.
  2877 | D:4      | Noticed Eustachio
  2897 | D:4      | Killed Eustachio
  2898 | D:4      | Reached skill level 5 in Maces & Flails
  2898 | D:4      | Reached XP level 7. HP: 53/53 MP: 7/7
  2995 | D:4      | Found a shadowy altar of Dithmenos.
  2995 | D:4      | Found a stormy altar of Qazlal.
  3001 | D:4      | Found a sparkling altar of Nemelex Xobeh.
  3011 | D:4      | Found an ornate altar of the Wu Jian Council.
  3031 | D:4      | Became a worshipper of Qazlal Stormbringer
  3127 | D:4      | Found a radiant altar of Vehumet.
  3392 | D:5      | Reached skill level 6 in Maces & Flails
  3415 | D:5      | Noticed a slime creature
  3424 | D:5      | Noticed a slime creature
  3546 | D:5      | Killed a slime creature
  3547 | D:5      | Reached skill level 1 in Invocations
  3660 | D:5      | Killed a slime creature
  3661 | D:5      | Gained mutation: You have very sharp fingernails. [demonic
                  | ancestry]
  3661 | D:5      | Reached XP level 8. HP: 23/60 MP: 9/9
  3823 | D:5      | Found a staircase to the Ecumenical Temple.
  3859 | Temple   | Entered the Ecumenical Temple
  3966 | D:4      | Reached skill level 7 in Maces & Flails
  4078 | D:4      | Reached skill level 5 in Armour
  4088 | D:4      | Reached * piety under Qazlal
  4089 | D:4      | Reached skill level 8 in Maces & Flails
  4447 | D:5      | Found a snail-covered altar of Cheibriados.
  4550 | D:5      | Gained mutation: You have claws for hands. [demonic
                  | ancestry]
  4550 | D:5      | Reached XP level 9. HP: 61/65 MP: 11/11
  5224 | D:6      | Reached skill level 9 in Maces & Flails
  5610 | D:7      | Paralysed by a centaur for 4 turns
  6057 | D:7      | Reached ** piety under Qazlal
  6058 | D:7      | Reached skill level 5 in Fighting
  6125 | D:7      | Reached skill level 5 in Invocations
  6652 | D:1      | Bought the +3 pair of seven-league boots {Rampage+∞} for
                  | 440 gold pieces
  6652 | D:1      | Found the +3 pair of seven-league boots {Rampage+∞}
  6884 | D:8      | Noticed Grum
  6885 | D:8      | Gained mutation: You regenerate a little health from kills.
                  | [demonic ancestry]
  6885 | D:8      | Reached XP level 10. HP: 74/74 MP: 13/13
  6889 | D:8      | Killed Grum
  6938 | D:9      | Reached skill level 10 in Maces & Flails
  7005 | D:8      | Found a shimmering altar of Xom.
  7011 | D:8      | Found a blossoming altar of Fedhas.
  7017 | D:8      | Found a basalt altar of Yredelemnul.
  7392 | D:10     | Entered Level 10 of the Dungeon
  7427 | D:10     | Noticed a two-headed ogre
  7429 | D:10     | Noticed a two-headed ogre
  7435 | D:10     | Killed a two-headed ogre
  7448 | D:10     | Killed a two-headed ogre
  7448 | D:10     | Noticed a cyclops
  7449 | D:10     | Reached skill level 11 in Maces & Flails
  7599 | D:10     | Killed a cyclops
  7600 | D:10     | Gained mutation: You are surrounded by a moderate repulsion
                  | field. (EV +3) [demonic ancestry]
  7600 | D:10     | Reached XP level 11. HP: 44/83 MP: 16/16
  7835 | D:9      | Reached *** piety under Qazlal
  7843 | D:9      | Reached skill level 5 in Shields
  8065 | D:10     | Identified the +6 longbow "Orghaked" {freeze, Str+3 Dex+3}
  8156 | D:9      | Reached skill level 12 in Maces & Flails
  8332 | D:10     | Noticed a tengu warrior
  8332 | D:10     | Noticed a tengu warrior
  8335 | D:10     | Noticed a wizard
  8369 | D:9      | Killed a tengu warrior
  8759 | D:9      | Reached **** piety under Qazlal
  8948 | D:9      | Paralysed by a hornet for 3 turns
  9066 | D:9      | Noticed a two-headed ogre
  9072 | D:9      | Killed a two-headed ogre
  9343 | D:10     | Reached XP level 12. HP: 84/94 MP: 18/18
  9434 | D:10     | Killed a tengu warrior
  9519 | D:10     | Reached skill level 1 in Throwing
  9609 | D:10     | Reached skill level 13 in Maces & Flails
  9816 | D:10     | Found a staircase to the Orcish Mines.
  9903 | D:11     | Noticed a two-headed ogre
 10038 | D:10     | Found a staircase to the Lair.
 10397 | Lair:1   | Entered Level 1 of the Lair of Beasts
 10403 | Lair:1   | Noticed a boulder beetle
 10684 | D:11     | Killed a two-headed ogre
 10729 | D:11     | Noticed a two-headed ogre
 10741 | D:11     | Killed a two-headed ogre
 10875 | D:11     | Noticed Nergalle
 10883 | D:12     | Killed Nergalle
 10932 | D:11     | Identified the +0 leather armour of Hyangid {*Corrode Fly
                  | rN+ Dex+3}
 11165 | D:11     | Noticed a two-headed ogre
 11175 | D:11     | Killed a two-headed ogre
 11446 | D:12     | Reached skill level 10 in Invocations
 11448 | D:12     | Reached ***** piety under Qazlal
 11984 | D:13     | Noticed a centaur warrior
 11995 | D:13     | Killed a centaur warrior
 11996 | D:13     | Reached XP level 13. HP: 99/101 MP: 20/20
 12103 | D:13     | Reached skill level 1 in Evocations
 12153 | D:13     | Reached skill level 10 in Fighting
 12153 | D:13     | Gained mutation: Your hexes are more powerful. [demonic
                  | ancestry]
 12153 | D:13     | Reached XP level 14. HP: 110/110 MP: 20/22
 12449 | D:14     | Noticed Roxanne
 12633 | D:15     | Entered Level 15 of the Dungeon
 12633 | D:15     | Noticed Rupert
 12642 | D:15     | Slain by Rupert

Illustrated notes

Levels and vault maps discovered:
D:1:      dpeg_arrival_round_b, layout_basic, serial_shops, shop
D:2:      layout_basic, ebering_ecumenical_altar_ruins
D:3:      layout_basic, mainiacjoe_overflow_24_doors, kennysheep_generic_room_6
D:4:      layout_loops_ring, mainiacjoe_overflow_alcove_1,
          nicolae_overflow_macrodata_refinement, nicolae_ossuary_entry_ruins,
          uniq_eustachio
D:5:      cheibrodos_fertilizer, layout_basic, kennysheep_mini,
          minmay_temple_entry_offerings, corexii_corridor_pit,
          kennysheep_generic_room_10
D:6:      layout_basic
D:7:      layout_loops_ring, minmay_misc_feat_plants
D:8:      layout_basic, minmay_overflow_temple_hex, uniq_grum
D:9:      layout_irregular_city, chequers_mini_garden
D:10:     cheibrodos_ideogram_h, layout_basic, lair_entry_dummy,
          kennysheep_orc_monster_closet_entryway, enter_bailey_2, nrook_campfire
D:11:     layout_loops_ring, uniq_nergalle
D:12:     layout_rooms
D:13:     layout_roguey
D:14:     dragon1_lemuel, layout_gridville, hellmonk_vaults_order_and_chaos,
          chequers_serial_rivers_micro_e, dk_noncrumbling_4, uniq_roxanne
D:15:     hellmonk_depths_entry_around_the_bend, layout_small_grid,
          gammafunk_ghost_cemetery, chequers_serial_rivers_micro_c,
          beargit_hepliaklqana_dungeon_heroes, uniq_rupert, uniq_louise
Temple:   corrupted_temple
Lair:1:   layout_layer_cave, beast_lair_carwin_1

Skill      XL: |  1  2  3  4  5  6  7  8  9 10 11 12 13 14 |
---------------+-------------------------------------------+-----
Axes           | 2 |  2.3
Shields        | 3 4 5 6 7 |  7.4
Armour         | 3 4 5 6 7 8 9 |  9.0
Maces & Flails | 2 3 5 6 8 9 11 12 13 | 13.8
Dodging        | 1 |  1.5
Invocations    | 2 3 5 6 8 10 11 | 11.5
Fighting       | 4 5 6 8 9 10 | 10.6
Throwing       | 1 |  1.0
Evocations     | 3 4 |  4.0

Action                     |  1- 3 |  4- 6 |  7- 9 | 10-12 | 13-15 || total
---------------------------+-------+-------+-------+-------+-------++-------
  Melee: War axe           |    58 |       |    10 |       |       ||    68
         Mace              |    16 |   103 |   159 |   456 |    67 ||   801
  Throw: Boomerang         |       |     1 |     4 |     2 |       ||     7
 Invoke: Upheaval          |       |       |       |     3 |     1 ||     4
         Elemental Force   |       |       |       |       |     2 ||     2
    Use: Scroll            |     5 |     5 |     3 |     6 |     1 ||    20
         Potion            |       |     1 |     5 |     2 |     1 ||     9
   Stab: Distracted        |       |       |     3 |    11 |       ||    14
 Armour: Scale mail        |    54 |    47 |   108 |       |       ||   209
         Chain mail        |       |       |    28 |     4 |       ||    32
         Plate armour      |       |       |       |   305 |    61 ||   366
  Dodge: Dodged            |    30 |    57 |    81 |   151 |    23 ||   342
         Repelled          |       |       |       |     2 |       ||     2
  Block: Buckler           |    19 |    16 |    57 |   190 |    48 ||   330

Table legend: (Time is in decaauts)
 A = Elapsed time spent in this place.
 B = Non-inter-level travel time spent in this place.
 C = Inter-level travel time spent in this place.
 D = Time resting spent in this place.
 E = Time spent auto-exploring this place.
 F = Levels seen in this place.
 G = Mean time per level.
                   A        B        C        D        E       F      G
               +--------+--------+--------+--------+--------+-----+--------+
         Total |  12674 |  11994 |    680 |   1683 |   5791 |  18 |  704.1 |
       Dungeon |  12221 |  11541 |    680 |   1613 |   5783 |  15 |  814.7 |
        Temple |      5 |      5 |      0 |      0 |      0 |   1 |    5.0 |
          Lair |      9 |      9 |      0 |      0 |      0 |   1 |    9.0 |
       Ossuary |    438 |    438 |      0 |     70 |      8 |   1 |  438.0 |
               +--------+--------+--------+--------+--------+-----+--------+

Top non-repeatable levels by time:
    D:10: 1724 daAuts
     D:9: 1651 daAuts
     D:5: 1467 daAuts
     D:4: 1065 daAuts
     D:1: 895 daAuts
     D:7: 807 daAuts
     D:3: 748 daAuts
    D:11: 693 daAuts
     D:6: 685 daAuts
    D:12: 642 daAuts
     D:2: 611 daAuts
     D:8: 607 daAuts
    D:13: 579 daAuts
 Ossuary: 438 daAuts
    D:14: 32 daAuts
